[ AOE2 MATCH · #505135621 ]
UnrankedBengalis vs Italians
Player's team · WIN
Rival team · LOSS
[ REPLAY ANALYSIS · EXTRACTED FROM THE RECORDED GAME ]
Feudal
9:15
Castle
22:07
Imperial
—
| APM avg | 69.1 |
| APM peak | 124 |
| eAPM avg | 33.3 |
| Villagers / military | 61 / 54 |
Focus
⚔️ 48.0% · 🌾 52.0%
Skirmisher ×44 · Spearman ×4 · Elephant Archer ×4 · Monk ×2
Feudal
10:32
Castle
25:31
Imperial
—
| APM avg | 106.5 |
| APM peak | 250 |
| eAPM avg | 67.4 |
| Villagers / military | 69 / 52 |
Focus
⚔️ 72.3% · 🌾 27.7%
Skirmisher ×29 · Archer ×13 · Knight ×4 · Militia ×4 · Spearman ×2
Match map
Initial resources + every placement click. Lines = walls · curves = elevation contours. ◆ gold · ⬟ stone · ● berries · ✦ relic · ◌ wall gap
Your base· Open — 5t gap
[GT]YellowJacket's base· Open — 3t gap
Smoothed initial terrain · ◌ = detected wall gap · hover for details
Inputs per minute
— wR.Monoz - - [GT]YellowJacket
Build order — wR.Monoz
First 150 of 182 actions detected
| 0:00 | Queue | Villager (Male) |
| 0:01 | Queue | Villager (Male) |
| 0:02 | Build | House |
| 0:02 | Build | House |
| 0:07 | Queue | Villager (Male) |
| 0:07 | Queue | Villager (Male) |
| 0:07 | Queue | Villager (Male) |
| 1:25 | Queue | Villager (Male) |
| 1:49 | Queue | Villager (Male) |
| 2:18 | Build | Lumber Camp |
| 2:19 | Queue | Villager (Male) |
| 2:19 | Queue | Villager (Male) |
| 2:29 | Queue | Villager (Male) |
| 2:29 | Queue | Villager (Male) |
| 2:59 | Queue | Villager (Male) |
| 3:00 | Queue | Villager (Male) |
| 3:14 | Queue | Villager (Male) |
| 3:14 | Queue | Villager (Male) |
| 3:35 | Build | House |
| 3:46 | Queue | Villager (Male) |
| 3:47 | Queue | Villager (Male) |
| 3:51 | Build | House |
| 3:53 | Build | House |
| 4:27 | Build | Palisade Wall |
| 4:29 | Queue | Villager (Male) |
| 4:38 | Build | Palisade Wall |
| 4:39 | Build | Palisade Wall |
| 4:41 | Build | Palisade Wall |
| 4:44 | Build | Palisade Wall |
| 4:45 | Build | Palisade Wall |
| 4:49 | Queue | Villager (Male) |
| 5:04 | Build | Palisade Wall |
| 5:09 | Queue | Villager (Male) |
| 5:16 | Queue | Villager (Male) |
| 5:30 | Build | Palisade Wall |
| 5:31 | Build | Palisade Wall |
| 5:42 | Queue | Villager (Male) |
| 5:48 | Build | Mill |
| 5:59 | Queue | Villager (Male) |
| 7:04 | Research | Feudal Age |
| 7:05 | Research | Feudal Age |
| 7:26 | Build | Lumber Camp |
| 8:27 | Build | Barracks |
| 8:33 | Queue | Villager (Male) |
| 8:33 | Queue | Villager (Male) |
| 8:43 | Build | House |
| 9:15 | Age | Feudal Age |
| 9:17 | Build | Archery Range |
| 9:17 | Queue | Spearman |
| 9:19 | Research | Double-Bit Axe |
| 9:22 | Research | Loom |
| 9:45 | Research | Horse Collar |
| 9:45 | Research | Horse Collar |
| 9:54 | Queue | Spearman |
| 10:00 | Build | House |
| 10:02 | Build | House |
| 10:12 | Queue | Spearman |
| 10:16 | Queue | Skirmisher |
| 10:17 | Queue | Skirmisher |
| 10:17 | Queue | Skirmisher |
| 10:20 | Build | Farm |
| 10:48 | Queue | Villager (Male) |
| 11:05 | Queue | Villager (Male) |
| 11:14 | Queue | Villager (Male) |
| 11:17 | Build | Farm |
| 11:22 | Queue | Skirmisher |
| 11:24 | Build | Farm |
| 11:25 | Build | Farm |
| 11:29 | Build | House |
| 11:38 | Build | Farm |
| 11:42 | Build | Farm |
| 11:43 | Build | Farm |
| 11:50 | Queue | Skirmisher |
| 11:52 | Build | Farm |
| 12:02 | Queue | Villager (Male) |
| 12:13 | Build | Farm |
| 12:20 | Queue | Skirmisher |
| 12:23 | Build | Farm |
| 12:38 | Queue | Villager (Male) |
| 12:38 | Queue | Villager (Male) |
| 12:38 | Queue | Villager (Male) |
| 12:48 | Build | Farm |
| 12:49 | Build | Farm |
| 12:59 | Queue | Skirmisher |
| 13:06 | Build | Farm |
| 13:23 | Queue | Skirmisher |
| 13:24 | Queue | Villager (Male) |
| 13:25 | Queue | Spearman |
| 13:29 | Build | Farm |
| 13:40 | Build | Farm |
| 13:53 | Queue | Villager (Male) |
| 13:58 | Queue | Skirmisher |
| 14:00 | Build | Farm |
| 14:14 | Queue | Villager (Male) |
| 14:31 | Queue | Villager (Male) |
| 14:45 | Queue | Villager (Male) |
| 14:46 | Build | House |
| 14:48 | Build | House |
| 14:51 | Research | Wheelbarrow |
| 14:57 | Queue | Villager (Male) |
| 15:17 | Build | Mining Camp |
| 15:37 | Queue | Villager (Male) |
| 15:41 | Queue | Villager (Male) |
| 15:43 | Build | Blacksmith |
| 15:45 | Build | House |
| 16:04 | Queue | Villager (Male) |
| 16:05 | Build | Farm |
| 16:08 | Build | Farm |
| 16:13 | Queue | Villager (Male) |
| 16:32 | Research | Fletching |
| 16:35 | Queue | Villager (Male) |
| 16:46 | Build | Farm |
| 17:14 | Research | Fletching |
| 17:14 | Queue | Skirmisher |
| 17:15 | Queue | Skirmisher |
| 17:16 | Queue | Villager (Male) |
| 17:17 | Build | Farm |
| 17:25 | Build | Farm |
| 17:25 | Build | Farm |
| 17:26 | Build | Farm |
| 17:29 | Build | Farm |
| 17:37 | Queue | Skirmisher |
| 17:38 | Research | Padded Archer Armor |
| 17:39 | Research | Padded Archer Armor |
| 17:40 | Queue | Villager (Male) |
| 17:49 | Queue | Skirmisher |
| 18:29 | Queue | Villager (Male) |
| 18:36 | Queue | Villager (Male) |
| 18:46 | Queue | Villager (Male) |
| 19:04 | Queue | Skirmisher |
| 19:13 | Build | Archery Range |
| 19:26 | Build | Farm |
| 19:27 | Research | Castle Age |
| 19:27 | Research | Castle Age |
| 19:37 | Queue | Skirmisher |
| 19:46 | Build | Lumber Camp |
| 19:49 | Queue | Skirmisher ×3 |
| 19:49 | Queue | Skirmisher ×3 |
| 20:11 | Queue | Skirmisher ×4 |
| 20:11 | Queue | Skirmisher ×4 |
| 20:16 | Queue | Skirmisher |
| 20:17 | Queue | Skirmisher |
| 20:31 | Queue | Villager (Male) |
| 20:46 | Queue | Skirmisher ×2 |
| 21:07 | Queue | Skirmisher ×4 |
| 21:37 | Build | Watch Tower |
| 22:07 | Age | Castle Age |
| 22:07 | Queue | Skirmisher ×3 |
| 22:09 | Queue | Villager (Male) |
| 22:10 | Queue | Villager (Male) |
Build order — [GT]YellowJacket
First 150 of 195 actions detected
| 0:00 | Queue | Villager (Male) |
| 0:02 | Build | House |
| 0:03 | Queue | Villager (Male) |
| 0:04 | Build | House |
| 0:04 | Queue | Villager (Male) |
| 0:16 | Queue | Villager (Male) |
| 0:16 | Queue | Villager (Male) |
| 1:24 | Queue | Villager (Male) |
| 1:51 | Queue | Villager (Male) |
| 1:51 | Queue | Villager (Male) |
| 2:19 | Queue | Villager (Male) |
| 2:46 | Build | Barracks |
| 2:49 | Queue | Villager (Male) |
| 2:49 | Queue | Villager (Male) |
| 2:50 | Queue | Villager (Male) |
| 3:16 | Build | House |
| 3:38 | Queue | Villager (Male) |
| 3:51 | Queue | Militia |
| 3:51 | Queue | Militia |
| 4:11 | Queue | Villager (Male) |
| 4:11 | Queue | Villager (Male) |
| 4:22 | Queue | Militia |
| 4:22 | Queue | Militia |
| 4:37 | Queue | Villager (Male) |
| 4:37 | Queue | Villager (Male) |
| 4:58 | Queue | Villager (Male) |
| 4:58 | Queue | Villager (Male) |
| 5:01 | Build | House |
| 5:18 | Queue | Villager (Male) |
| 5:34 | Build | Lumber Camp |
| 5:40 | Queue | Villager (Male) |
| 6:03 | Queue | Villager (Male) |
| 6:24 | Build | House |
| 6:32 | Queue | Villager (Male) |
| 6:53 | Queue | Villager (Male) |
| 7:16 | Build | Palisade Wall |
| 7:23 | Build | Mill |
| 7:25 | Queue | Villager (Male) |
| 7:28 | Research | Loom |
| 7:41 | Build | Palisade Wall |
| 8:04 | Build | Palisade Wall |
| 8:06 | Build | Palisade Wall |
| 8:07 | Build | Palisade Wall |
| 8:17 | Research | Feudal Age |
| 8:34 | Build | Lumber Camp |
| 8:54 | Build | Palisade Wall |
| 9:11 | Queue | Villager (Male) |
| 9:20 | Build | Mining Camp |
| 9:27 | Build | Palisade Wall |
| 10:03 | Queue | Villager (Male) |
| 10:19 | Build | Palisade Wall |
| 10:32 | Age | Feudal Age |
| 10:35 | Research | Double-Bit Axe |
| 10:36 | Queue | Spearman |
| 10:38 | Build | Archery Range |
| 10:45 | Queue | Spearman |
| 11:08 | Queue | Villager (Male) |
| 11:16 | Queue | Villager (Male) |
| 11:18 | Build | House |
| 11:26 | Queue | Villager (Male) |
| 11:27 | Queue | Villager (Male) |
| 11:39 | Build | Archery Range |
| 11:40 | Queue | Archer |
| 11:43 | Build | House |
| 11:46 | Build | House |
| 11:53 | Queue | Villager (Male) |
| 11:53 | Queue | Villager (Male) |
| 11:58 | Build | Watch Tower |
| 12:01 | Build | House |
| 12:02 | Queue | Villager (Male) |
| 12:19 | Build | Mill |
| 12:23 | Build | Farm |
| 12:38 | Build | Farm |
| 12:39 | Queue | Archer |
| 12:52 | Build | Farm |
| 12:54 | Build | Farm |
| 13:02 | Build | Farm |
| 13:09 | Queue | Villager (Male) |
| 13:14 | Build | Farm |
| 13:18 | Queue | Archer |
| 13:22 | Build | House |
| 13:25 | Queue | Archer |
| 13:26 | Queue | Archer |
| 13:27 | Queue | Villager (Male) |
| 13:39 | Build | House |
| 13:42 | Queue | Villager (Male) |
| 13:53 | Queue | Archer |
| 14:11 | Queue | Villager (Male) |
| 14:20 | Build | Blacksmith |
| 14:22 | Queue | Archer |
| 14:35 | Queue | Villager (Male) |
| 14:35 | Queue | Villager (Male) |
| 14:35 | Queue | Villager (Male) |
| 14:39 | Queue | Villager (Male) |
| 14:42 | Queue | Skirmisher |
| 14:42 | Queue | Skirmisher |
| 14:46 | Queue | Villager (Male) |
| 14:58 | Research | Fletching |
| 15:04 | Queue | Skirmisher |
| 15:19 | Build | Farm |
| 15:19 | Queue | Villager (Male) |
| 15:20 | Queue | Skirmisher |
| 15:20 | Queue | Skirmisher |
| 15:20 | Queue | Skirmisher |
| 15:34 | Queue | Skirmisher |
| 15:42 | Build | Farm |
| 15:45 | Queue | Skirmisher |
| 15:48 | Build | House |
| 15:51 | Queue | Archer |
| 15:51 | Queue | Villager (Male) |
| 15:54 | Queue | Villager (Male) |
| 15:54 | Queue | Villager (Male) |
| 16:09 | Queue | Villager (Male) |
| 16:10 | Queue | Archer |
| 16:13 | Research | Padded Archer Armor |
| 16:30 | Queue | Skirmisher |
| 16:31 | Queue | Skirmisher |
| 16:43 | Queue | Skirmisher |
| 16:51 | Research | Town Watch |
| 16:54 | Build | Farm |
| 16:57 | Build | Farm |
| 16:58 | Build | Farm |
| 17:00 | Build | Farm |
| 17:01 | Queue | Villager (Male) |
| 17:05 | Build | House |
| 17:19 | Queue | Villager (Male) |
| 17:24 | Queue | Archer |
| 17:24 | Queue | Archer |
| 17:53 | Queue | Skirmisher |
| 17:53 | Queue | Skirmisher |
| 17:53 | Queue | Villager (Male) |
| 18:02 | Queue | Archer |
| 18:16 | Queue | Villager (Male) |
| 18:16 | Queue | Villager (Male) |
| 18:30 | Queue | Skirmisher |
| 18:30 | Queue | Skirmisher |
| 18:31 | Queue | Villager (Male) |
| 18:31 | Queue | Villager (Male) |
| 18:33 | Build | House |
| 18:36 | Queue | Skirmisher |
| 18:36 | Queue | Skirmisher |
| 19:17 | Queue | Villager (Male) |
| 19:22 | Build | Market |
| 19:27 | Queue | Villager (Male) |
| 19:30 | Build | Mining Camp |
| 19:31 | Queue | Villager (Male) |
| 19:32 | Queue | Archer |
| 19:41 | Build | Farm |
| 19:45 | Queue | Skirmisher |
| 19:47 | Queue | Villager (Male) |
Match timeline
| 2:46 | [GT]YellowJacket · first_building Barracks |
| 4:27 | wR.Monoz · wall_segment Palisade Wall x1 |
| 4:38 | wR.Monoz · wall_segment Palisade Wall x1 |
| 4:39 | wR.Monoz · wall_segment Palisade Wall x1 |
| 4:41 | wR.Monoz · wall_segment Palisade Wall x3 |
| 4:44 | wR.Monoz · wall_segment Palisade Wall x1 |
| 4:45 | wR.Monoz · wall_segment Palisade Wall x1 |
| 5:04 | wR.Monoz · wall_segment Palisade Wall x6 |
| 5:30 | wR.Monoz · wall_segment Palisade Wall x1 |
| 5:31 | wR.Monoz · wall_segment Palisade Wall x1 |
| 7:16 | [GT]YellowJacket · wall_segment Palisade Wall x7 |
| 7:41 | [GT]YellowJacket · wall_segment Palisade Wall x9 |
| 8:04 | [GT]YellowJacket · wall_segment Palisade Wall x3 |
| 8:06 | [GT]YellowJacket · wall_segment Palisade Wall x6 |
| 8:07 | [GT]YellowJacket · wall_segment Palisade Wall x5 |
| 8:27 | wR.Monoz · first_building Barracks |
| 8:54 | [GT]YellowJacket · wall_segment Palisade Wall x1 |
| 9:15 | wR.Monoz · age_up feudal |
| 9:17 | wR.Monoz · first_building Archery Range |
| 9:27 | [GT]YellowJacket · wall_segment Palisade Wall x5 |
| 10:19 | [GT]YellowJacket · wall_segment Palisade Wall x8 |
| 10:32 | [GT]YellowJacket · age_up feudal |
| 10:38 | [GT]YellowJacket · first_building Archery Range |
| 21:03 | [GT]YellowJacket · first_market_buy 100 stone |
| 22:07 | wR.Monoz · age_up castle |
| 22:48 | wR.Monoz · first_building Monastery |
| 23:27 | [GT]YellowJacket · first_building Stable |
| 23:28 | wR.Monoz · wall_segment Palisade Wall x1 |
| 23:37 | wR.Monoz · wall_segment Palisade Wall x1 |
| 23:38 | wR.Monoz · wall_segment Palisade Wall x1 |
| 24:17 | [GT]YellowJacket · first_market_sell 100 stone |
| 24:19 | [GT]YellowJacket · wall_segment Palisade Wall x1 |
| 25:31 | [GT]YellowJacket · age_up castle |
| 25:40 | [GT]YellowJacket · resign |
[ AI ANALYSIS · 1 CREDIT ]
What really happened in this match?
Wolo.gg analyzes every decision: build order, eco, micro, common mistakes by bracket. Personalized analysis on WhatsApp or Discord in 30 seconds.
Civ guide
Bengalis
Perfil
Jugador #6779041